 Dungeon Crawl Stone Soup version 0.29.1-2-gbd0b4ee654 (webtiles) character file.

Game seed: 12237997071526938898

109 Icepheonix32 the Trooper (level 4, 0/42 HPs)
             Began as a Minotaur Fighter on Oct 24, 2022.
             Killed by divine providence
             ... invoked by an orc priest
              (9 damage)
             ... on level 3 of the Dungeon.
             The game lasted 00:01:52 (1874 turns).

Icepheonix32 the Trooper (Minotaur Fighter)         Turns: 1874, Time: 00:01:52

Health: 0/42       AC:  7    Str: 21    XL:     4   Next: 60%
Magic:  3/3        EV:  9    Int:  5    God:
Gold:   111        SH:  4    Dex: 11    Spells: 3/3 levels left

rFire   . . .      SeeInvis .   a - +0 war axe
rCold   . . .      Faith    .   c - +0 buckler
rNeg    . . .      Spirit   .   b - +0 scale mail
rPois   .          Reflect  .   (helmet restricted)
rElec   .          Harm     .   (no cloak)
rCorr   .          Rampage  .   (no gloves)
Will    .....                   (no boots)
Stlth   ..........              (no amulet)
HPRegen 0.14/turn               (no ring)
MPRegen 0.08/turn               (no ring)

@: no status effects
A: horns 2, retaliatory headbutt
a: no special abilities


You were on level 3 of the Dungeon.
You visited 1 branch of the dungeon, and saw 3 of its levels.

You collected 111 gold pieces.

Inventory:

Hand Weapons
 a - a +0 war axe (weapon)
Armour
 b - a +0 scale mail (worn)
 c - a +0 buckler (worn)
 e - a +0 chain mail
Scrolls
 d - a scroll of poison
Potions
 f - a potion of brilliance
 g - a potion of curing
 h - a potion of might


   Skills:
 * Level 5.1 Fighting
 + Level 3.6 Axes
 + Level 4.1 Armour
 + Level 0.2 Dodging
 + Level 4.2 Shields


You had 3 spell levels left.
You didn't know any spells.
Your spell library contained the following spells:

 Spells                   Type           Power      Damage    Failure   Level
 Foxfire                  Conj/Fire      0%         2x1d4     88%         1
 Call Canine Familiar     Summ           0%         N/A       99%         3
 Conjure Flame            Conj/Fire      0%         6-21      99%         3
 Inner Flame              Hex/Fire       0%         N/A       99%         3
 Portal Projectile        Hex/Tloc       0%         N/A       99%         3
 Airstrike                Air            0%         2d(0-16)  100%        4
 Flame Wave               Conj/Fire      0%         2d4       100%        4
 Leda's Liquefaction      Hex/Erth       0%         N/A       100%        4
 Summon Lightning Spire   Summ/Air       0%         N/A       100%        4
 Lightning Bolt           Conj/Air       0%         1d11      100%        5


Dungeon Overview and Level Annotations

Branches:
Dungeon (3/15)

Altars:


Innate Abilities, Weirdness & Mutations

You have a pair of horns on your head.
You reflexively headbutt those who attack you in melee.


Message History

Beogh smites you!
Something hits you but does no damage. x2
You are too injured to fight recklessly!
You are too injured to fight recklessly!
You are too injured to fight recklessly!
You are too injured to fight recklessly!
You are too injured to fight recklessly!
You are too injured to fight recklessly!
You are too injured to fight recklessly!
You are too injured to fight recklessly!
You are too injured to fight recklessly!
You are too injured to fight recklessly!
You are too injured to fight recklessly!
You are too injured to fight recklessly!
You are too injured to fight recklessly!
You are too injured to fight recklessly!
You are too injured to fight recklessly!
You are too injured to fight recklessly!
You are too injured to fight recklessly!
You are too injured to fight recklessly!
You are too injured to fight recklessly!
You are too injured to fight recklessly!
You are too injured to fight recklessly!
You miss something. Your headbutt misses something. You slash the orc!
You kill the orc!
Something hits you but does no damage.
Unknown command.
You hit the orc priest. You headbutt the orc priest.
The orc priest is almost dead.
You completely miss something.
You hear some strange, mumbled words.
A magic dart appears from out of thin air!
The magic dart hits you.
* * * LOW HITPOINT WARNING * * *
The orc priest hits you but does no damage.
You hear some strange, mumbled words.
A puff of flame appears from out of thin air!
You block the puff of flame.
The orc priest invokes the aid of Beogh against you.
Beogh smites you!
You die...

.# #.# ##### (. #.#
#. .)..##. #.# ..
...... ####.# .#
.....# ...#.# ..
####.# #.##.###g#
.....######.##.{@oo#
##..###...#.##..####
#......#.......#
##..##.........#
##..#.##......#
##......?..>##
###.#.###### #...#
#####


You could see an orc priest, an orc and a hobgoblin.

Vanquished Creatures
  Jessica (D:2)
  2 gnolls (D:1)
  2 adders (D:2)
  A dart slug (D:1)
  An orc (D:3)
  3 bats (D:1)
  6 endoplasms
  2 giant cockroaches
  3 goblins
  3 hobgoblins
  A quokka (D:1)
  5 ball pythons
  4 frilled lizards
  4 kobolds
  7 rats
45 creatures vanquished.

Vanquished Creatures (others)
  A plant (D:1)
1 creature vanquished.

Grand Total: 46 creatures vanquished

Notes
Turn   | Place    | Note
-------+----------+-------------------------------------------
     0 | D:1      | Icepheonix32 the Minotaur Fighter began the quest for the
                  | Orb.
     0 | D:1      | Reached XP level 1. HP: 19/19 MP: 0/0
   154 | D:1      | Reached skill level 4 in Fighting
   188 | D:1      | Reached XP level 2. HP: 27/27 MP: 1/1
   474 | D:1      | Reached XP level 3. HP: 9/34 MP: 2/2
  1129 | D:2      | Reached skill level 5 in Fighting
  1129 | D:2      | Reached XP level 4. HP: 42/42 MP: 3/3
  1488 | D:2      | Noticed Jessica
  1495 | D:2      | Killed Jessica
  1874 | D:3      | Killed from afar by an orc priest

Illustrated notes

Levels and vault maps discovered:
D:1:      mrwooster_arrival_statue_3, layout_loops_ring, nicolae_grassy_gnolls
D:2:      layout_basic, grunt_decor_arrowhead, uniq_jessica
D:3:      layout_basic, kennysheep_generic_room_12

Skill      XL: |  1  2  3  4 |
---------------+-------------+-----
Fighting       | 4 5 |  5.1
Shields        | 4 |  4.2
Axes           | 3 |  3.6
Armour         | 4 |  4.1
Dodging        | |  0.2

Action                   |  1- 3 |  4- 6 || total
-------------------------+-------+-------++-------
Melee: War axe           |    59 |    35 ||    94
       Headbutt          |     5 |     4 ||     9
  Use: Potion            |     1 |     4 ||     5
       Scroll            |     2 |       ||     2
Armor: Scale mail        |    35 |    13 ||    48
Dodge: Dodged            |    28 |    13 ||    41
Block: Buckler           |    11 |     9 ||    20
